 Dungeon Crawl Stone Soup version 0.20-a0-792-g09bcfd3 (webtiles) character file.

14 krabocopter the Scratcher (level 2, 11/12 HPs)
             Began as a Felid Transmuter on Feb 28, 2017.
             Quit the game on level 1 of the Dungeon.
             The game lasted 00:01:56 (395 turns).

krabocopter the Scratcher (Felid Transmuter)         Turns: 395, Time: 00:01:57

Health: 11/12      AC:  1    Str:  6    XL:     2   Next: 27%
Magic:  6/6        EV: 18    Int: 14    God:
Gold:   17         SH:  0    Dex: 16    Spells: 5/6 levels left
                                        Lives:  0   Deaths: 0

rFire    . . .     SeeInvis +     - Unarmed
rCold    . . .     Gourm    .   (armour unavailable)
rNeg     . . .     Faith    .   (shield unavailable)
rPois    .         Spirit   .   (helmet unavailable)
rElec    .         Reflect  .   (cloak unavailable)
rCorr    .         Harm     .   (gloves unavailable)
MR       .....                  (boots unavailable)
Stlth    ++........             (no amulet)
Regen    0.1/turn               (no ring)
MPRegen  0.1/turn               (no ring)

@: quick
A: no armour, no weapons or thrown items, stealth, claws 1, fangs 3, see
invisible, carnivore 3, speed 1, shaggy fur 1, slow metabolism 1, sharp paws
a: no special abilities


You were on level 1 of the Dungeon.
You were completely stuffed.

You visited 1 branch of the dungeon, and saw 1 of its levels.

You collected 17 gold pieces.

Inventory:

Missiles
 a - 12 arrows
Scrolls
 e - a scroll of enchant weapon {unknown}
Potions
 d - a potion of invisibility {unknown}
 g - a potion of curing {unknown}
Books
 b - a book of Changes

   Spells                             Type                      Level
   a - Beastly Appendage              Transmutation                1
   b - Sticks to Snakes               Transmutation                2
   c - Spider Form                    Transmutation/Poison         3
   d - Ice Form                       Ice/Transmutation            4
   e - Blade Hands                    Transmutation                5
Comestibles
 c - 2 meat rations
 f - 3 chunks of flesh


   Skills:
 - Level 1.0 Fighting
 - Level 2.6 Dodging
 - Level 3.0 Unarmed Combat
 + Level 2.5 Spellcasting
 + Level 2.6 Transmutations


You had 5 spell levels left.
You knew the following spells:

 Your Spells              Type           Power        Failure   Level  Hunger
a - Beastly Appendage     Tmut           #.....       10%         1    #......


Dungeon Overview and Level Annotations

Branches:
Dungeon (1/15)

Altars:


Innate Abilities, Weirdness & Mutations

You cannot wear armour.
You are incapable of wielding weapons or throwing items.
Your paws allow you to move quietly. (Stealth)
You have sharp claws.
You have razor-sharp teeth.
You have supernaturally acute eyesight. (SInv)
You are carnivorous and can eat meat at any time.
You cover ground quickly.
You are covered in fur. (AC +1)
You have a slow metabolism.
Your sharp claws are effective at attacking unaware monsters.


Message History

a glowing scarf; a scale mail You barely miss the bat.
The goblin shouts!
The bat misses you. The bat barely misses you. The bat barely misses you.
The goblin completely misses you.
You scratch the goblin. Your bite misses the goblin. The bat barely misses you.
The goblin barely misses you.
You scratch the goblin.
You kill the goblin!
The bat completely misses you.
You scratch the bat but do no damage. The bat barely misses you.
The bat completely misses you.
You closely miss the bat. The bat barely misses you.
The bat closely misses you.
You scratch the bat.
You kill the bat!
Things that are here:
a glowing scarf; a scale mail
Found a stone staircase leading down.
g - an amethyst potion

######+###.............#.
.................#.......
.[...............########
..........#'######
..........†......#
.......[......)....
................!## ##
.................# #.
........@.......... #.
.#######........... #.
##.......?..######
#......... #...#
##..##### #.⌠.# ..# #...#
.>. ##'### .... #...#.
#...'.


There were no monsters in sight!

Vanquished Creatures
  An ooze (D:1)
  4 goblins (D:1)
  A hobgoblin (D:1)
  3 bats (D:1)
9 creatures vanquished.

Notes
Turn   | Place    | Note
-------+----------+-------------------------------------------
     0 | D:1      | krabocopter the Felid Transmuter began the quest for the Orb.
     0 | D:1      | Reached XP level 1. HP: 9/9 MP: 4/4
   252 | D:1      | Reached XP level 2. HP: 12/12 MP: 6/6
   395 | D:1      | Quit the game

Vault maps used:
D:1:      co_arrival_random_square_maze

Action                   || total
-------------------------++-------
Melee: Unarmed           ||    22
       Bite              ||     1
       Headbutt          ||     1
 Cast: Beastly Appendage ||     1
 Stab: Sleeping          ||     3
  Eat: Chunk             ||     6
Dodge: Dodged            ||    19
